 Dungeon Crawl Stone Soup version 0.31-a0-1172-g9944ec47dd (webtiles) character file.

Game seed: 12520851475702907098

205629 BubbleThief the Fencer (level 18, 0/154 HPs)
             Began as a Merfolk Ice Elementalist on Dec 5, 2023.
             Was the Champion of Zin.
             Slain by a spriggan rider
             ... wielding a +0 spear
             ... led by a spriggan druid
              (10 damage)
             ... on level 3 of the Swamp on Dec 10, 2023.
             The game lasted 01:45:02 (34723 turns).

BubbleThief the Fencer (Merfolk Ice Elementalist)  Turns: 34723, Time: 01:45:03

Health: 0/154      AC: 14    Str: 11    XL:     18   Next: 69%
Magic:  8/34       EV: 28    Int: 24    God:    Zin [******]
Gold:   2572       SH:  0    Dex: 24    Spells: 23/41 levels left

rFire   . . .        Z - +4 scimitar (flame)
rCold   + . .        (no shield)
rNeg    + + .        t - +3 leather armour
rPois   +            U - +2 helmet
rElec   .            S - +1 cloak {rCorr}
rCorr   +            a - +2 pair of gloves
SInv    .            (no boots)
Will    +....        L - amulet of Mathre Ruamu {rC+ Regen+ rCorr}
Stlth   ++           y - +6 ring of dexterity
HPRegen 1.25/turn    d - ring of Nihilism {*Slow rPois rN++ Str+2 Int+6}
MPRegen 0.24/turn

%: slow self (1%)
@: about to teleport, studying Long Blades
A: (nimble swimmer 2), mertail
}: 1/15 runes: serpentine
a: Renounce Religion, Recite, Vitalisation, Imprison, Sanctuary, Donate Gold


You were on level 3 of the Swamp.
You worshipped Zin.
Zin was exalted by your worship.
You visited 5 branches of the dungeon, and saw 29 of its levels.
You also visited: Bailey, Ice Cave and Volcano.

You collected 5095 gold pieces.
You spent 2318 gold pieces at shops.
You donated 205 gold pieces to Zin.

Inventory:

Hand Weapons
 H - a +3 heavy scimitar
 Z - a +4 scimitar of flaming (weapon)
Missiles
 m - 2 throwing nets
Armour
 a - a +2 pair of gloves (worn)
 j - a +4 ring mail of fire resistance
 t - a +3 leather armour (worn)
 G - +0 fire dragon scales
 S - a +1 cloak of preservation (worn)
 U - a +2 helmet (worn)
 V - a +1 leather armour of fire resistance
 W - +2 ice dragon scales
Jewellery
 c - a ring of ice
 d - the ring of Nihilism (right hand) {*Slow rPois rN++ Str+2 Int+6}
   (You acquired it on level 8 of the Dungeon)

   [ring of intelligence]

   Str+2:     It affects your strength (+2).
   Int+6:     It affects your intelligence (+6).
   rPois:     It protects you from poison rN++: It greatly protects you from
   negative energy.
   *Slow:     It may slow you when you take damage.
 e - a ring of resist corrosion
 k - a ring of see invisible
 u - a ring of flight
 y - a +6 ring of dexterity (left hand)
 B - a ring of wizardry
 L - the amulet of Mathre Ruamu (around neck) {rC+ Regen+ rCorr}
   (You found it on level 8 of the Dungeon)

   [amulet of regeneration]

   rC+:       It protects you from cold.
   Regen+:    It increases your rate of health regeneration.
   rCorr:     It protects you from acid and corrosion.
 O - a ring of willpower
 P - a ring of positive energy
 X - a ring of protection from cold
Wands
 n - a wand of quicksilver (5)
 K - a wand of digging (5)
Scrolls
 f - 3 scrolls of blinking
 g - 4 scrolls of fog
 o - a scroll of identify
 r - 3 scrolls of revelation
 s - 9 scrolls of enchant armour
 z - 3 scrolls of enchant weapon
 C - 5 scrolls of amnesia
 J - 2 scrolls of brand weapon
 M - 9 scrolls of teleportation
 Y - 2 scrolls of fear
Potions
 b - 5 potions of magic
 h - 4 potions of brilliance
 i - 7 potions of heal wounds
 l - 2 potions of attraction
 p - 13 potions of curing
 q - 7 potions of mutation
 v - 3 potions of might
 w - 5 potions of haste
 x - 3 potions of enlightenment
 A - 3 potions of cancellation
 E - 2 potions of invisibility
 I - a potion of resistance
 N - 4 potions of ambrosia
 Q - 2 potions of berserk rage {unknown}


   Skills:
 + Level 17.0 Fighting
 + Level 19.8 Long Blades
 - Level 19.1 Dodging
 - Level 2.1 Stealth
 - Level 12.0 Spellcasting
 - Level 18.0 Ice Magic


You had 23 spell levels left.
You knew the following spells:

 Your Spells              Type           Power      Damage    Failure   Level
a - Freezing Cloud        Conj/Ice/Air   21%        6-21      13%         5
b - Frozen Ramparts       Ice            100%       1d16      0%          3
c - Ozocubu's Armour      Ice            79%        N/A       0%          3
d - Ozocubu's Refrigerat  Ice            39%        4d16      3%          7

Your spell library contained the following spells:

 Spells                   Type           Power      Damage    Failure   Level
 Freeze                   Ice            100%       1d10      0%          1
 Ensorcelled Hibernation  Hex/Ice        100%       N/A       1%          2
 Hailstorm                Conj/Ice       55%        3d11      1%          3
 Summon Ice Beast         Ice/Summ       55%        N/A       1%          4
 Metabolic Englaciation   Hex/Ice        27%        N/A       3%          5
 Magic Dart               Conj           56%        1d5       5%          1
 Shock                    Conj/Air       56%        1d6       5%          1
 Blink                    Tloc           28%        N/A       9%          2
 Cigotuvi's Dreadful Rot  Necr/Pois/Air  28%        N/A       9%          2
 Jinxbite                 Hex            28%        N/A       9%          2
 Passwall                 Tmut/Erth      11%        N/A       9%          2
 Scorch                   Fire           28%        2d6       9%          2
 Searing Ray              Conj           28%        2d5       9%          2
 Sublimation of Blood     Necr           14%        N/A       9%          2
 Ignite Poison            Fire/Tmut/Pois 14%        N/A       17%         3
 Swiftness                Air            14%        N/A       17%         3
 Tukima's Dance           Hex            14%        N/A       17%         3
 Volatile Blastmotes      Fire/Tloc      28%        2d12      17%         3
 Simulacrum               Ice/Necr       27%        N/A       22%         6
 Airstrike                Air            7%         2d(1-17)  50%         4
 Anguish                  Hex/Necr       7%         N/A       50%         4
 Cause Fear               Hex            7%         N/A       50%         4
 Dimensional Bullseye     Hex/Tloc       7%         N/A       50%         4
 Flame Wave               Conj/Fire      14%        2d6       50%         4
 Fulminant Prism          Conj/Hex       7%         3d6       50%         4
 Iskenderun's Mystic Bla  Conj/Tloc      14%        2d5       50%         4
 Manifold Assault         Tloc           14%        N/A       50%         4
 Petrify                  Tmut/Erth      14%        N/A       50%         4
 Sticky Flame             Conj/Fire      14%        2d4       50%         4
 Alistair's Intoxication  Tmut/Pois      9%         N/A       83%         5
 Borgnjor's Vile Clutch   Necr/Erth      7%         N/A       83%         5
 Fireball                 Conj/Fire      7%         3d5       83%         5
 Irradiate                Conj/Tmut      7%         3d14      83%         5
 Polar Vortex             Ice            39%        12d5*     98%         9
 Dispersal                Tloc           7%         N/A       100%        6
 Eringya's Noxious Bog    Tmut/Pois      7%         4d6       100%        6
 Summon Cactus Giant      Summ           7%         N/A       100%        6
 Disjunction              Tloc           7%         N/A       100%        8
 Ignition                 Fire           7%         3d4       100%        8
 Dragon's Call            Summ           7%         N/A       100%        9


Dungeon Overview and Level Annotations

Branches:
Dungeon (15/15)            Temple (0/1) D:6            Lair (5/5) D:10
  Swamp (3/4) Lair:3        Snake (4/4) Lair:2        Slime (0/5) Lair:5
    Orc (2/2) D:10            Elf (0/3) Orc:2        Vaults (0/5) D:13
 Depths (0/4) D:15         Bailey (visited)           IceCv (visited)
Volcano (visited)

Altars:
Ashenzari
Cheibriados
Dithmenos
Elyvilon
Fedhas
Gozag
Hepliaklqana
Kikubaaqudgha
Okawaru
Qazlal
Sif Muna
Uskayaw
Zin
The Shining One
Jiyva

Shops:
D:4 *   D:6 *   D:9 (   D:11 [   Orc:1 (   Orc:2 (:[*   Snake:2 **
Snake:3 :=:

Portals:
Trove: D:13 (give +2 shadow dragon scales)

Annotations:
D:4 1 runed translucent door
D:10 4 transporters


Innate Abilities, Weirdness & Mutations

((You are very nimble when in or above water. (Stealth+, EV+, Speed+++)))
Your lower body shifts to a powerful aquatic tail in water.


Message History

Unknown command.
You barely miss the spriggan druid.
The spriggan druid is almost dead.
The spriggan rider completely misses you.
A spriggan druid comes into view.
It is wielding a +0 quarterstaff and wearing a +2 robe of positive energy.
The spriggan druid misses you.
Unknown command.
The spriggan druid shouts!
You slice the spriggan druid!! You burn the spriggan druid.
With its final breath, the spriggan druid offers up its power to the beasts of the wild!
The swamp dragon seems to grow more fierce.
The bunyip seems to grow more fierce.
You kill the spriggan druid!
You hear a splash. x2; You hear a shout!
The spriggan rider closely misses you.
Unknown command.
Unknown command.
A spriggan comes into view. It is wielding a +1 dagger of venom.
Cornered, the bunyip turns to fight!
The bunyip howls a warning cry!
You hear a shout! x2
The spriggan rider misses you.
As you read the scroll of teleportation, it crumbles to dust.
You feel strangely unstable.
The bunyip howls a warning cry!
The spriggan rider misses you.
You hear a shout!
You hear a roar!
You hear an angry buzzing noise. x2
You hear a shout!
Unknown command.
Your legs become a tail as you enter the water.
The bunyip howls a warning cry!
You hear a roar! x2
Unknown command.
The bunyip claws you!
* * * LOW HITPOINT WARNING * * *
The bunyip claws you!!
* * * LOW HITPOINT WARNING * * *
The bunyip claws you but does no damage.
The spriggan rider hits you with a +0 spear!
You die...

♣. ♣. ♣. .♣
♣♣~♣♣ .♣ ♣♣.~~♣
.♣♣ ♣♣..~~♣
♣♣~~♣ ♣ ♣~~.~$♣♣
♣~~.♣♣♣♣~~
♣.~♣♣♣§~~~§$.~~
♣♣@x..†.♣~...~~♣
♣..i..~~...!.~.♣
♣♣~§..~~~.~~.~.♣
♣♣~i~~)~~~~~~.♣
♣.~~~°††~~~~~♣
♣♣w~..b~§~♣~♣♣
♣.i♣~~~.~~~.♣
♣.~~~~~~~~..♣
~~>.~..~§♣~~.♣


You could see a bunyip (strong, catching breath), a spriggan rider, a spriggan
druid, a swamp worm (strong) and a spriggan.

Vanquished Creatures
  Nikola (Snake:4)
  A tentacled monstrosity (Swamp:1)
  Jorgrun (Orc:2)
  A thorn hunter (Swamp:2)
  Kirke (D:14)
  5 nagarajas (Snake:4)
  A frost giant (IceCv)
  Louise (Snake:2)
  An orc warlord (Orc:2)
  An eleionoma (Swamp:2)
  Nessos (Orc:1)
  5 bunyips
  Josephine (Orc:1)
  A quicksilver dragon zombie (D:15)
  17 hydras
  A vault guard (D:13)
  A salamander tyrant (Snake:4)
  A catoblepas (Lair:1)
  A death knight (D:14)
  An ogre mage (D:13)
  A sphinx skeleton (D:15)
  5 two-headed ogres
  9 boulder beetles
  7 centaur warriors
  4 alligators
  5 anacondas
  Erica (D:10)
  3 tengu warriors
  A death yak (shapeshifter) (D:13)
  14 naga warriors
  4 orc high priests (Orc:2)
  13 death yaks
  5 shock serpents
  11 naga sharpshooters
  3 skysharks
  A salamander mystic (Snake:2)
  3 skeletal warriors
  5 goliath frogs
  A flayed ghost (D:15)
  A spark wasp zombie (D:15)
  2 spriggan druids
  4 swamp dragons
  4 naga ritualists
  5 bog bodies
  A harpy (shapeshifter) (D:15)
  Pikel (D:9)
  4 deep elf pyromancers
  3 orc sorcerers (Orc:2)
  A necromancer (D:15)
  6 orc knights
  An oklob plant (Swamp:2)
  3 mana vipers (Snake:4)
  13 salamanders
  9 ugly things
  2 will-o-the-wisps
  5 cyclopes
  5 elephants
  2 manticores
  29 black mambas
  15 slime creatures
  Joseph (D:9)
  4 guardian serpents
  An ice statue (IceCv)
  15 naga magi
  2 gargoyles
  3 unseen horrors (D:12)
  A molten gargoyle (Lair:5)
  15 cane toads
  3 rime drakes (Lair:3)
  Psyche (D:9)
  2 freezing wraiths (D:14)
  8 komodo dragons
  A kobold demonologist (D:14)
  An efreet (D:15)
  3 red devils (Orc:2)
  3 meliai (D:14)
  5 tyrant leeches
  8 polar bears
  7 trolls
  A dream sheep (Lair:3)
  6 hornets
  26 blink frogs
  2 shadows
  7 spriggans
  A water elemental (D:15)
  9 wraiths
  2 fire bats (Volcano)
  3 wyverns
  A basilisk (Lair:1)
  2 vampires (D:13)
  105 yaks
  2 steam dragons
  22 vampire mosquitoes
  10 swamp worms
  A death yak simulacrum (Lair:3)
  The ghost of Savior361 the Conjurer, an amateur DsCj of Vehumet (D:4)
  3 wargs
  2 acid dragons
  A hell hound (Volcano)
  54 nagas
  17 water moccasins
  A sky beast (D:7)
  A swamp drake (Swamp:2)
  49 orc warriors
  2 black bears (Lair:2)
  4 boggarts (D:14)
  6 ogres
  36 wolves
  19 centaurs
  A phantom (D:5)
  2 lemures (D:9)
  3 kobold brigands (D:7)
  16 bullfrogs
  4 gnoll sergeants
  2 scorpions (D:5)
  2 cane toad simulacra (Lair:3)
  14 wights
  25 killer bees
  2 howler monkeys
  8 electric eels
  20 orc priests
  9 hounds
  7 jellies
  Jessica (D:2)
  3 iguanas
  30 orc wizards
  5 hell rats (Lair:3)
  A polar bear simulacrum (Lair:3)
  2 wolf simulacra (Lair:3)
  7 adders
  26 gnolls
  A river rat (D:4)
  4 white imps
  2 ufetubi (D:6)
  2 worms
  7 dart slugs
  99 orcs
  A bat (D:2)
  5 endoplasms
  5 giant cockroaches
  5 goblins
  9 hobgoblins
  4 jackals (D:3)
  8 quokkas
  4 ball pythons
  4 frilled lizards (D:5)
  16 kobolds
  4 rats
  A butterfly (Lair:2)
1107 creatures vanquished.

Vanquished Creatures (others)
  A bloated husk (Swamp:2)
  3 humans (D:14)
  An orc wizard (Orc:2)
  4 foxfires
9 creatures vanquished.

Grand Total: 1116 creatures vanquished

Notes
Turn   | Place    | Note
-------+----------+-------------------------------------------
     0 | D:1      | BubbleThief the Merfolk Ice Elementalist began the quest
                  | for the Orb.
     0 | D:1      | Reached XP level 1. HP: 13/13 MP: 3/3
   297 | D:1      | Reached XP level 2. HP: 19/19 MP: 3/5
   548 | D:1      | Reached skill level 5 in Ice Magic
   653 | D:2      | Reached XP level 3. HP: 24/24 MP: 1/6
   733 | D:2      | Learned a level 3 spell: Frozen Ramparts
  1061 | D:2      | Noticed Jessica
  1068 | D:2      | Killed Jessica
  1069 | D:2      | Reached XP level 4. HP: 21/30 MP: 5/8
  1252 | D:2      | Reached XP level 5. HP: 35/35 MP: 3/9
  1607 | D:2      | Found a glowing silver altar of Zin.
  1631 | D:2      | Became a worshipper of Zin the Law-Giver
  1844 | D:3      | Reached * piety under Zin
  2012 | D:3      | Learned a level 3 spell: Ozocubu's Armour
  2054 | D:3      | You fall into a shaft and drop 1 floor!
  2079 | D:4      | Reached XP level 6. HP: 28/41 MP: 3/11
  2383 | D:4      | Found Xeunurua's General Store.
  2397 | D:4      | Bought a scroll of enchant armour for 90 gold pieces
  2479 | D:4      | Found an ancient bone altar of Kikubaaqudgha.
  2704 | D:4      | Reached ** piety under Zin
  2746 | D:4      | Found a runed translucent door.
  2751 | D:4      | Noticed Savior361's ghost (amateur DsCj)
  2801 | D:4      | Killed Savior361's ghost
  2802 | D:4      | Reached XP level 7. HP: 40/46 MP: 5/13
  2806 | D:4      | Found a runed translucent door.
  2898 | D:4      | Found an opulent altar of Gozag.
  3042 | D:4      | Found a snail-covered altar of Cheibriados.
  3051 | D:4      | Found a white marble altar of Elyvilon.
  3388 | D:5      | Entered Level 5 of the Dungeon
  3617 | D:5      | Found a hide-covered altar of Uskayaw.
  3783 | D:5      | Reached skill level 5 in Spellcasting
  3783 | D:5      | Reached XP level 8. HP: 40/52 MP: 8/15
  4061 | D:5      | Reached skill level 1 in Fighting
  4833 | D:6      | Reached skill level 5 in Dodging
  4880 | D:6      | Reached *** piety under Zin
  5106 | D:6      | Found Epung's Assorted Antiques.
  5114 | D:6      | Bought a cyan potion for 20 gold pieces
  5114 | D:6      | Bought a scroll labelled EPEKUS XEULO for 23 gold pieces
  5114 | D:6      | Bought a lumpy golden potion for 20 gold pieces
  5114 | D:6      | Bought a red potion for 20 gold pieces
  5114 | D:6      | Bought a scroll labelled KUITOO LULIYDOEKK for 23 gold
                  | pieces
  5187 | D:6      | Reached skill level 5 in Fighting
  5187 | D:6      | Reached XP level 9. HP: 34/68 MP: 7/16
  5538 | D:6      | Found a staircase to the Ecumenical Temple.
  5848 | D:7      | Reached **** piety under Zin
  6932 | D:7      | Reached ***** piety under Zin
  7125 | D:8      | Found a flagged portal.
  7134 | Bailey   | Entered a bailey
  7223 | Bailey   | Reached skill level 10 in Dodging
  7238 | Bailey   | Reached XP level 10. HP: 76/80 MP: 7/17
  7272 | Bailey   | Noticed an orc knight
  7279 | Bailey   | Killed an orc knight
  7344 | Bailey   | Found a large runed translucent door.
  7344 | Bailey   | Found a large runed translucent door.
  7345 | Bailey   | Noticed a deep elf pyromancer
  7496 | Bailey   | Killed a deep elf pyromancer
  7660 | D:8      | Reached skill level 10 in Fighting
  8077 | D:8      | Found a broken altar of Ashenzari.
  8102 | D:8      | Identified the amulet of Mathre Ruamu {rC+ Regen+ rCorr}
  8405 | D:8      | Acquired the ring of Nihilism {*Slow rPois rN++ Str+2
                  | Int+6}
  8429 | D:9      | Reached XP level 11. HP: 84/92 MP: 11/18
  8493 | D:9      | Acquired 1022 gold pieces
  8504 | D:9      | Noticed Pikel
  8515 | D:9      | Killed Pikel
  8521 | D:9      | Noticed Joseph
  8534 | D:9      | Killed Joseph
  8550 | D:9      | Noticed Psyche
  8559 | D:9      | Killed Psyche
  8677 | D:9      | Found Dinweir's Weapon Shop.
  8765 | D:9      | Reached ****** piety under Zin
  9291 | D:10     | Entered Level 10 of the Dungeon
  9555 | D:10     | Found a hazy altar of Hepliaklqana.
  9555 | D:10     | Found a stormy altar of Qazlal.
  9555 | D:10     | Found an iron altar of Okawaru.
  9556 | D:10     | Found a blossoming altar of Fedhas.
  9562 | D:10     | Reached skill level 1 in Long Blades
  9608 | D:10     | Found a glowing golden altar of the Shining One.
  9654 | D:10     | Found a staircase to the Lair.
  9768 | D:10     | Found a staircase to the Orcish Mines.
 10118 | D:10     | Reached skill level 5 in Long Blades
 10151 | D:10     | Found a shimmering blue altar of Sif Muna.
 10158 | D:10     | Identified the +1 trident of the Destroying Seeker {holy,
                  | Contam Dex+5 Stlth+}
 10243 | D:10     | Found a transporter.
 10245 | D:10     | Found a transporter.
 10258 | D:10     | Found a transporter.
 10266 | D:10     | Noticed Erica
 10351 | D:10     | Found a shadowy altar of Dithmenos.
 10457 | D:10     | Killed Erica
 10458 | D:10     | Reached skill level 15 in Dodging
 10459 | D:10     | Reached XP level 12. HP: 98/102 MP: 9/19
 10464 | D:10     | Found a transporter.
 10611 | Lair:1   | Entered Level 1 of the Lair of Beasts
 10895 | Lair:1   | Identified the +0 scale mail of Apathy {Int+3}
 10946 | Lair:1   | Noticed a catoblepas
 11266 | Lair:2   | Found a staircase to the Snake Pit.
 11595 | Lair:2   | Reached skill level 10 in Long Blades
 12143 | Lair:3   | Found a frozen archway.
 12175 | IceCv    | Entered an ice cave
 12360 | IceCv    | Noticed a death yak
 12360 | IceCv    | Noticed a death yak
 12366 | IceCv    | Killed a death yak
 12373 | IceCv    | Killed a death yak
 12623 | IceCv    | Reached XP level 13. HP: 96/108 MP: 13/20
 12904 | IceCv    | Noticed a frost giant
 12923 | IceCv    | Killed a frost giant
 12924 | IceCv    | Reached skill level 15 in Long Blades
 13663 | Lair:3   | Found a staircase to the Swamp.
 14409 | Lair:3   | Reached XP level 14. HP: 118/118 MP: 14/21
 14878 | Lair:4   | Found a dark tunnel.
 14885 | Volcano  | Entered a volcano
 16147 | Lair:5   | Entered Level 5 of the Lair of Beasts
 16930 | Lair:5   | Reached XP level 15. HP: 127/127 MP: 14/22
 16958 | Lair:5   | Reached skill level 15 in Fighting
 17372 | Lair:5   | Identified the +1 leather armour of Gehenna {Rampage}
 17598 | Lair:5   | Found a viscous altar of Jiyva.
 17613 | Lair:5   | Found a staircase to the Slime Pits.
 18832 | Orc:1    | Entered Level 1 of the Orcish Mines
 19111 | Orc:2    | Entered Level 2 of the Orcish Mines
 19154 | Orc:2    | Noticed Nessos
 19316 | Orc:1    | Killed Nessos
 19424 | Orc:2    | Noticed Josephine
 19523 | Orc:1    | Killed Josephine
 19725 | Orc:2    | Noticed Jorgrun
 19742 | Orc:2    | Killed Jorgrun
 19921 | Orc:2    | Learned a level 5 spell: Freezing Cloud
 19929 | Orc:2    | Learned a level 7 spell: Ozocubu's Refrigeration
 20167 | Orc:2    | Noticed an orc warlord
 20459 | Orc:2    | Killed an orc warlord
 20701 | Orc:2    | Reached skill level 10 in Ice Magic
 20712 | Orc:2    | Found Myqygupn's General Store.
 20713 | Orc:2    | Found Reping's Book Shop.
 20715 | Orc:2    | Found Wyexzulo's Antique Armour Shop.
 20715 | Orc:2    | Found Moucwaon's Antique Weapon Boutique.
 20741 | Orc:2    | Bought a glowing robe for 96 gold pieces
 20795 | Orc:2    | Found a staircase to the Elven Halls.
 20967 | Orc:1    | Found Nehuy's Weapon Emporium.
 21434 | D:11     | Found Lufi's Antique Armour Shoppe.
 21447 | D:11     | Bought an embroidered cloak for 255 gold pieces
 22476 | D:12     | Reached XP level 16. HP: 124/138 MP: 20/26
 22707 | D:12     | Identified the +0 scale mail of the Threshing Gods {-Tele
                  | Rampage Int+4 Dex+2}
 23665 | D:13     | Found a portal to a secret trove of treasure.
 24195 | D:13     | Found a gate to the Vaults.
 24679 | D:14     | Noticed Kirke
 24692 | D:14     | Killed Kirke
 25832 | D:15     | Entered Level 15 of the Dungeon
 26132 | D:15     | Found a staircase to the Depths.
 26419 | D:15     | Reached skill level 10 in Spellcasting
 26749 | D:15     | Found a stormy altar of Qazlal.
 27171 | Snake:1  | Entered Level 1 of the Snake Pit
 27498 | Snake:1  | Found a blossoming altar of Fedhas.
 27775 | Snake:1  | Reached XP level 17. HP: 94/144 MP: 7/31
 28780 | Snake:2  | Found Saytza's General Store.
 28783 | Snake:2  | Found Fuekk's Specific Store.
 28792 | Snake:2  | Bought a scroll of brand weapon for 161 gold pieces
 28792 | Snake:2  | Bought a potion of resistance for 170 gold pieces
 29323 | Snake:2  | Noticed Louise
 29387 | Snake:2  | Killed Louise
 29904 | Snake:3  | Found Lox Saigh's Book Boutique.
 29904 | Snake:3  | Found Quicumol's Jewellery Emporium.
 29906 | Snake:3  | Found Fereezia's Book Boutique.
 29935 | Snake:3  | Bought a manual of Long Blades for 1440 gold pieces
 30540 | Snake:3  | Reached skill level 15 in Ice Magic
 30614 | Snake:4  | Entered Level 4 of the Snake Pit
 31437 | Snake:4  | Noticed Nikola
 31447 | Snake:4  | Killed Nikola
 31498 | Snake:4  | Upgraded the game from 0.31-a0-1074-g0b22e4e0f1 to
                  | 0.31-a0-1172-g9944ec47dd
 32035 | Snake:4  | Reached XP level 18. HP: 151/151 MP: 20/34
 32565 | Snake:4  | Got a serpentine rune of Zot
 32898 | Swamp:1  | Entered Level 1 of the Swamp
 32898 | Swamp:1  | Noticed a tentacled monstrosity
 32914 | Swamp:1  | Killed a tentacled monstrosity
 34171 | Swamp:2  | Identified the +2 hat of the Teacher {Stlth+}
 34552 | Swamp:2  | Identified the +10 morningstar of Tension {heavy, *Noise
                  | rC++}
 34723 | Swamp:3  | Slain by a spriggan rider

Illustrated notes

Levels and vault maps discovered:
D:1:      nzn_arrival_crosshair, layout_rooms
D:2:      layout_basic, basic_altar, minmay_joined_circles, uniq_jessica
D:3:      layout_basic
D:4:      layout_cave_pods, mainiacjoe_overflow_swirl, kennysheep_little_box,
          grunt_gozag_statues, serial_shops, shop, ebering_ghost_sewer_f,
          minmay_hedge_maze, feat_on_display
D:5:      layout_basic, nicolae_uskayaw_dance_hall, minmay_lizard_king
D:6:      layout_loops_cross, minmay_temple_entry_mini_moons, serial_shops, shop
D:7:      layout_gridville
D:8:      minmay_spotlight, layout_rooms, evilmike_ruin_ashenzari,
          enter_bailey_6, minmay_holes
D:9:      layout_long_grid, serial_shops, nicolae_shop_crystal, uniq_joseph,
          uniq_psyche, uniq_pikel
D:10:     layout_roguey, lemuel_crystal_altar, amcnicky_altar_gilded,
          marbit_many_paths, chequers_temple_overflow_statue_of_worship,
          erik_lair_island, minmay_orc_entry_guard_dogs,
          nicolae_transporter_circle, uniq_erica
D:11:     layout_grid_maze, serial_shops, nicolae_shop_tiny_glass,
          serial_library_hellmonk_reading_circle
D:12:     minmay_box_of_statues, layout_small_grid, st_stairs_11,
          hangedman_decor_points
D:13:     layout_gridville, david_vaults_5, enter_trove_6
D:14:     layout_gridville, minmay_misc_feat_roman, uniq_kirke
D:15:     gammafunk_depths_entry_grave, layout_basic,
          nicolae_qazlal_eye_of_the_storm, minmay_misc_feat_rugged,
          minmay_variable_closet, minmay_misc_feat_secret_circle, drop_trap,
          nicolae_two_hexagons
Lair:1:   layout_cave_pods
Lair:2:   layout_chaotic_city, minmay_snake_entry_guardpost_small,
          grunt_forest_stairs_clearing, serial_bayou_shore_b,
          lemuel_fruit_fields
Lair:3:   nzn_winding_woodlands_three_and_one [nzn_winding_woodlands_5x15_cabin,
          nzn_winding_woodlands_5x15_default, nzn_winding_woodlands_5x15_zeroes,
          nzn_winding_woodlands_center_lodge], layout_cellular_growth,
          skrybe_swamp_entry_bodies, portal_ice_cave_entry_ice_simulacra
Lair:4:   layout_regular_city, nicolae_volcano_entry_two_sided,
          serial_bayou_shore_a, grunt_megastairs_5
Lair:5:   minmay_lair_end_frog_pond, layout_gridlike,
          minmay_slime_entry_pillars, minivault_11, lemuel_fruit_tree
Swamp:1:  layout_basic_swamp, nicolae_swamp_dense_foliage,
          infiniplex_staircase_pool_2
Swamp:2:  layout_basic_swamp, infiniplex_staircase_pool, swamp_pool_1_2,
          nicolae_swamp_oklob_treasure_island
Swamp:3:  layout_falls_marsh, evilmike_swamp_ruin_house_4,
          nicolae_swamp_frolicking_bunyips, nicolae_swamp_tree_isthmus
Snake:1:  layout_basic, basic_altar
Snake:2:  layout_chambers, nicolae_specific_store, uniq_louise
Snake:3:  layout_misc_corridors, minmay_shop_grove
Snake:4:  minmay_snake_end_coiled, layout_misc_corridors,
          ebering_ghost_rock_garden, statue_in_the_mist_lemuel,
          fake_guardian_serpent_vault, uniq_nikola
Orc:1:    layout_diamond_mine, basic_altar, serial_shops, nicolae_diamond_shop
Orc:2:    st_orc_congregation, layout_caves,
          einodemon_armed_red_devil_minivault, uniq_josephine, uniq_nessos,
          uniq_jorgrun

Skill      XL: |  1  2  3  4  5  6  7  8  9 10 11 12 13 14 15 16 17 18 |
---------------+-------------------------------------------------------+-----
Ice Magic      | 5 6 8 9 10 13 16 18 | 18.0
Spellcasting   | 3 4 5 6 10 12 | 12.0
Dodging        | 6 10 13 15 17 19 | 19.1
Fighting       | 5 8 10 12 13 14 16 17 | 17.0
Long Blades    | 6 13 16 18 19 | 19.8
Stealth        | |  2.1

Action                     |  1- 3 |  4- 6 |  7- 9 | 10-12 | 13-15 | 16-18 || total
---------------------------+-------+-------+-------+-------+-------+-------++-------
  Melee: Unarmed           |     5 |     4 |       |       |       |       ||     9
         Dagger            |    13 |    12 |    92 |       |       |       ||   117
         Punch             |       |       |     5 |     4 |    28 |    15 ||    52
         Falchion          |       |       |    62 |   332 |   445 |   351 ||  1190
         Scimitar          |       |       |       |    20 |   654 |   547 ||  1221
         Tailslap          |       |       |       |       |     2 |    13 ||    15
   Cast: Freeze            |    37 |    54 |    35 |    24 |       |       ||   150
         Frozen Ramparts   |       |    11 |    42 |    74 |   133 |    78 ||   338
         Ozocubu's Armour  |       |     3 |    22 |    39 |    70 |    49 ||   183
         Freezing Cloud    |       |       |       |       |       |    63 ||    63
         Ozocubu's Refrige |       |       |       |       |       |    43 ||    43
 Invoke: Vitalisation      |       |       |       |       |     2 |       ||     2
  Evoke: Wand              |       |       |     8 |     7 |     7 |     3 ||    25
         Phial of floods   |       |       |       |     1 |       |       ||     1
    Use: Scroll            |       |       |     7 |    11 |     5 |     7 ||    30
         Potion            |       |       |       |       |     1 |       ||     1
   Stab: Sleeping          |       |       |     1 |     1 |     2 |     4 ||     8
         Distracted        |       |       |       |       |     2 |     1 ||     3
 Armour: Robe              |    24 |    14 |       |       |       |       ||    38
         Leather armour    |       |    11 |   131 |   197 |   107 |   435 ||   881
         Ring mail         |       |       |       |       |   328 |       ||   328
  Dodge: Dodged            |    17 |    29 |   167 |   396 |   875 |   999 ||  2483

Table legend: (Time is in decaauts)
 A = Elapsed time spent in this place.
 B = Non-inter-level travel time spent in this place.
 C = Inter-level travel time spent in this place.
 D = Time resting spent in this place.
 E = Time spent auto-exploring this place.
 F = Levels seen in this place.
 G = Mean time per level.
                   A        B        C        D        E       F      G
               +--------+--------+--------+--------+--------+-----+--------+
         Total |  33967 |  32752 |   1215 |    856 |  24672 |  32 | 1061.5 |
       Dungeon |  16039 |  15458 |    581 |    127 |  12487 |  15 | 1069.3 |
          Lair |   6702 |   6385 |    317 |    104 |   4820 |   5 | 1340.4 |
         Swamp |   1653 |   1613 |     40 |      0 |   1314 |   3 |  551.0 |
     Snake Pit |   5687 |   5560 |    127 |    236 |   4148 |   4 | 1421.8 |
  Orcish Mines |   2112 |   1964 |    148 |    272 |    933 |   2 | 1056.0 |
        Bailey |    456 |    456 |      0 |     38 |    219 |   1 |  456.0 |
      Ice Cave |   1060 |   1060 |      0 |     40 |    696 |   1 | 1060.0 |
       Volcano |    255 |    255 |      0 |     38 |     51 |   1 |  255.0 |
               +--------+--------+--------+--------+--------+-----+--------+

Top non-repeatable levels by time:
 Snake:4: 2039 daAuts
  Lair:5: 1679 daAuts
  Lair:3: 1619 daAuts
 Snake:2: 1528 daAuts
    D:10: 1472 daAuts
    D:14: 1421 daAuts
     D:7: 1411 daAuts
     D:5: 1385 daAuts
     D:4: 1330 daAuts
  Lair:1: 1314 daAuts
    D:12: 1170 daAuts
     D:2: 1162 daAuts
   Orc:2: 1093 daAuts
  Lair:2: 1089 daAuts
 Snake:3: 1075 daAuts
